 Dungeon Crawl Stone Soup version 0.30-a0-29-g142975f185 (webtiles) character file.

Game seed: 12564093690529638207

84 frimble the Gusty (level 4, 0/32 HPs)
             Began as a Demonspawn Air Elementalist on Aug 27, 2022.
             Succumbed to a kobold's poison
             ... on level 4 of the Dungeon.
             The game lasted 00:05:50 (3386 turns).

frimble the Gusty (Demonspawn Air Elementalist)     Turns: 3386, Time: 00:05:51

Health: 0/32       AC:  3    Str:  9    XL:     4   Next: 23%
Magic:  7/7        EV: 12    Int: 18    God:
Gold:   266        SH:  0    Dex: 13    Spells: 3/7 levels left

rFire   . . .      SeeInvis .    d - +0 rapier
rCold   . . .      Faith    .    (no shield)
rNeg    . . .      Spirit   .    a - +0 robe
rPois   .          Reflect  .    (no helmet)
rElec   .          Harm     .    l - +0 cloak
rCorr   .          Rampage  .    (no gloves)
Will    .....                    (no boots)
Stlth   ++........               (no amulet)
HPRegen 0.10/turn                (no ring)
MPRegen 0.10/turn                (no ring)

@: lethally poisoned (0 -> -7)
A: claws 1, powered by pain 1
a: no special abilities


You were on level 4 of the Dungeon.
You visited 1 branch of the dungeon, and saw 4 of its levels.

You collected 266 gold pieces.

Inventory:

Hand Weapons
 c - a +0 trident
 d - a +0 rapier (weapon)
Armour
 a - a +0 robe (worn)
 f - a +2 pair of boots
 l - a +0 cloak (worn)
Scrolls
 e - 2 scrolls of amnesia
 i - a scroll of vulnerability
 j - 2 scrolls of identify
Potions
 b - a potion of magic


   Skills:
 - Level 1.0 Fighting
 - Level 1.8 Dodging
 - Level 1.8 Stealth
 - Level 2.0 Spellcasting
 - Level 2.4 Conjurations
 + Level 2.2 Ice Magic
 - Level 2.7 Air Magic


You had 3 spell levels left.
You knew the following spells:

 Your Spells              Type           Power      Damage    Failure   Level
a - Shock                 Conj/Air       44%        1d5       6%          1
b - Ozocubu's Armour      Ice            9%         N/A       22%         3

Your spell library contained the following spells:

 Spells                   Type           Power      Damage    Failure   Level
 Static Discharge         Conj/Air       22%        3-5/arc   10%         2
 Swiftness                Air            11%        N/A       17%         3
 Airstrike                Air            5%         2d(1-17)  50%         4
 Ozocubu's Refrigeration  Ice            4%         4d8       100%        7


Dungeon Overview and Level Annotations

Branches:
Dungeon (4/15)
 Temple: D:4-7

Altars:
Xom


Innate Abilities, Weirdness & Mutations

You have sharp fingernails.
You sometimes gain a little power by taking damage.


Message History

You aren't carrying any items that you can evoke.
You are confused.
You feel invigorated.
The hobgoblin shouts!
The kobold shouts!
The kobold throws a poisoned dart.
The poisoned dart hits you!
You are poisoned.
You feel very sick.
You bump into the rock wall.
You feel sick.
You feel sick. The scorpion barely misses you.
The kobold throws a poisoned dart.
The poisoned dart misses you.
You feel sick. The scorpion closely misses you.
You closely miss the hobgoblin.
You feel sick. The scorpion stings you.
You are more poisoned.
The scorpion poisons you! The hobgoblin misses you. The scorpion stings you.
You closely miss the scorpion.
You feel very sick.
The kobold shouts!
The scorpion stings you but does no damage.
The hobgoblin misses you.
You feel less invigorated.
You feel less confused.
You feel sick. The scorpion stings you. The hobgoblin barely misses you.
The scorpion barely misses you.
You feel sick. The kobold closely misses you.
The kobold throws a poisoned dart.
The poisoned dart hits you!
You are more poisoned.
The hobgoblin hits you but does no damage.
The scorpion attacks as you move away! The scorpion stings you.
You feel very sick. The hobgoblin hits you.
* * * LOW HITPOINT WARNING * * *
* * * LOW HITPOINT WARNING * * *
You feel very sick.
The kobold hits you with a +0 short sword.
* * * LOW HITPOINT WARNING * * *
* * * LOW HITPOINT WARNING * * *
You feel sick.
The kobold hits you with a +0 short sword.
* * * LOW HITPOINT WARNING * * *
You die...

................ ..#......
...##...###.......... #.......
.........# ##......... ........
..........##
............##.#... #..........
#....... .)........# #.....
..........######o.#..
..........#...KK..#
..............s.@.### #...
..............g#....##....
..............###.......#
.......................### .
.........................####..
.................##............
..........#...................#
.........###..###.............#
.......... #.###....S.##....#


You could see a scorpion, an orc, a hobgoblin and 2 kobolds.

Vanquished Creatures
  2 gnolls (D:3)
  2 adders (D:3)
  2 worms
  2 dart slugs (D:1)
  4 ball pythons
  5 bats
  4 endoplasms
  2 giant cockroaches
  2 goblins
  4 hobgoblins (D:2)
  2 kobolds
  A quokka (D:2)
  A frilled lizard (D:2)
  6 rats
39 creatures vanquished.

Notes
Turn   | Place    | Note
-------+----------+-------------------------------------------
     0 | D:1      | frimble the Demonspawn Air Elementalist began the quest for
                  | the Orb.
     0 | D:1      | Reached XP level 1. HP: 13/13 MP: 3/3
   338 | D:1      | Gained mutation: You sometimes gain a little power by
                  | taking damage. [demonic ancestry]
   338 | D:1      | Reached XP level 2. HP: 19/19 MP: 3/5
  1602 | D:2      | Found a shimmering altar of Xom.
  1673 | D:2      | Discovered your monstrous ancestry.
  1673 | D:2      | Gained mutation: You have sharp fingernails. [demonic
                  | ancestry]
  1673 | D:2      | Reached XP level 3. HP: 25/25 MP: 6/6
  1683 | D:2      | Reached skill level 1 in Fighting
  1908 | D:2      | Learned a level 3 spell: Ozocubu's Armour
  1986 | D:3      | Reached skill level 1 in Ice Magic
  3054 | D:4      | Noticed a scorpion
  3086 | D:3      | Reached XP level 4. HP: 15/32 MP: 4/7
  3332 | D:2      | HP: 1/32 [something (2)]
  3346 | D:2      | You fall into a shaft and drop 2 floors!
  3386 | D:4      | Succumbed to a kobold's poison

Illustrated notes

Levels and vault maps discovered:
D:1:      spicycebolla_arrival_ecumenical, layout_basic
D:2:      layout_basic, basic_altar, minmay_tetromino_o4
D:3:      layout_rooms, chequers_serial_rivers_large_a
D:4:      layout_cave_pools, gammafunk_ghost_arena, uniq_ijyb

Skill      XL: |  1  2  3 |
---------------+----------+-----
Conjurations   | 2 |  2.4
Fighting       | 1 |  1.0
Ice Magic      | 2 |  2.2
Dodging        | |  1.8
Stealth        | |  1.8
Spellcasting   | |  2.0
Air Magic      | |  2.7

Action                   |  1- 3 |  4- 6 || total
-------------------------+-------+-------++-------
Melee: Unarmed           |    15 |       ||    15
       Trident           |    48 |       ||    48
       Rapier            |    16 |    30 ||    46
       Punch             |     1 |       ||     1
 Cast: Shock             |    42 |     1 ||    43
       Ozocubu's Armour  |       |     1 ||     1
  Use: Scroll            |     6 |     1 ||     7
       Potion            |     2 |     2 ||     4
 Stab: Sleeping          |     7 |       ||     7
Armor: Robe              |    15 |    25 ||    40
       Skin              |     8 |       ||     8
Dodge: Dodged            |    51 |    21 ||    72

Table legend: (Time is in decaauts)
 A = Elapsed time spent in this place.
 B = Non-inter-level travel time spent in this place.
 C = Inter-level travel time spent in this place.
 D = Time resting spent in this place.
 E = Time spent auto-exploring this place.
 F = Levels seen in this place.
 G = Mean time per level.
                   A        B        C        D        E       F      G
               +--------+--------+--------+--------+--------+-----+--------+
         Total |   3422 |   3286 |    136 |    243 |   2521 |   4 |  855.5 |
       Dungeon |   3422 |   3286 |    136 |    243 |   2521 |   4 |  855.5 |
               +--------+--------+--------+--------+--------+-----+--------+

Top non-repeatable levels by time:
     D:3: 1320 daAuts
     D:1: 1301 daAuts
     D:2: 753 daAuts
     D:4: 47 daAuts
